 Dungeon Crawl Stone Soup version 0.30-a0-672-gc3a7216ad8 (webtiles) character file.

Game seed: 3546962695233016469

147 Leeroy the Slasher (level 5, -8/30 HPs)
             Began as a Tengu Warper on Jan 18, 2023.
             Killed by nerve-wracking pain
             ... invoked by an orc priest
              (12 damage)
             ... on level 4 of the Dungeon.
             The game lasted 00:03:06 (2249 turns).

Leeroy the Slasher (Tengu Warper)                   Turns: 2249, Time: 00:03:07

Health: -8/30      AC:  0    Str: 11    XL:     5   Next: 29%
Magic:  9/9        EV: 14    Int: 14    God:
Gold:   108        SH:  0    Dex: 15    Spells: 3/8 levels left

rFire   . . .      SeeInvis .    a - +0 falchion
rCold   . . .      Faith    .    (no shield)
rNeg    . . .      Spirit   .    (no body armour)
rPois   +          Reflect  .    (helmet restricted)
rElec   .          Harm     .    (no cloak)
rCorr   .          Rampage  .    (no gloves)
Will    .....                    (boots unavailable)
Stlth   +                        t - amulet of regeneration
HPRegen 1.05/turn                m - ring of wizardry
MPRegen 0.11/turn                k - ring of poison resistance

@: flying quickly and evasively, quick
A: beak, talons 3, nimble flight
a: no special abilities


You were on level 4 of the Dungeon.
You visited 1 branch of the dungeon, and saw 4 of its levels.

You collected 108 gold pieces.

Inventory:

Hand Weapons
 a - a +0 falchion (weapon)
 g - a +4 spear
Missiles
 d - 7 boomerangs of dispersal (quivered)
Armour
 b - a +0 leather armour
 v - a +3 scale mail
Jewellery
 j - an amulet of guardian spirit
 k - a ring of poison resistance (right hand)
 m - a ring of wizardry (left hand)
 t - an amulet of regeneration (around neck)
Scrolls
 c - 2 scrolls of blinking
 e - 3 scrolls of identify {unknown}
 h - 2 scrolls of teleportation {unknown}
 n - a scroll of enchant weapon {unknown}
 o - 4 scrolls of poison {unknown}
 r - a scroll of torment {unknown}
 s - a scroll of enchant armour {unknown}
Potions
 i - a potion of ambrosia {unknown}
 l - a potion of invisibility {unknown}
 p - a potion of curing {unknown}
 q - a potion of might {unknown}
 u - a potion of attraction {unknown}


   Skills:
 - Level 2.0 Fighting
 + Level 5.9 Long Blades
 - Level 1.0 Throwing
 - Level 1.1 Armour
 - Level 2.1 Dodging
 - Level 2.0 Spellcasting
 - Level 2.4 Translocations


You had 3 spell levels left.
You knew the following spells:

 Your Spells              Type           Power      Damage    Failure   Level
a - Blink                 Tloc           16%        N/A       6%          2
b - Vhi's Electric Charg  Tloc/Air       8%         N/A       17%         3

Your spell library contained the following spells:

 Spells                   Type           Power      Damage    Failure   Level
 Lesser Beckoning         Tloc           16%        N/A       6%          2
 Teleport Other           Tloc           8%         N/A       11%         3
 Manifold Assault         Tloc           8%         N/A       32%         4
 Arcjolt                  Conj/Air       0%         1d10      92%         5
 Maxwell's Capacitive Co  Air            0%         ∞         100%        8


Dungeon Overview and Level Annotations

Branches:
Dungeon (4/15)
 Temple: D:4-7

Altars:
Wu Jian

Annotations:
D:2 Sigmund
D:3 1 runed translucent door, Crazy Yiuf


Innate Abilities, Weirdness & Mutations

You have a beak for a mouth.
You have claws for feet.
Your magical nature lets you fly swiftly and evasively.


Message History

The orc shouts!
You hear a shout! x2
An orc priest comes into view. It is wielding a +0 hand axe.
The orc closely misses you.
The orc priest shouts!
You slash the orc!
You kill the orc!
A goblin comes into view. It is wielding a +0 dagger.
The goblin shouts!
The goblin unwields a +0 dagger.
The goblin wields a +0 sling.
The goblin shoots a sling bullet.
The sling bullet closely misses you.
You hear a bark!
The goblin shoots a sling bullet.
The sling bullet misses you.
A hound comes into view.
The orc priest misses you.
The goblin shoots a sling bullet.
The sling bullet hits you.
You completely miss the orc priest. You claw the orc priest.
The orc priest is lightly wounded.
The orc priest hits you with a +0 hand axe.
You hit the orc priest. You claw the orc priest.
The orc priest is heavily wounded.
The orc priest calls down the wrath of Beogh upon you.
Pain shoots through your body!
The goblin shoots a sling bullet.
The sling bullet hits you.
You closely miss the orc priest. Your kick misses the orc priest.
Your peck misses the orc priest.
The orc priest is heavily wounded.
The orc priest hits you with a +0 hand axe.
* * * LOW HITPOINT WARNING * * *
The goblin shoots a sling bullet.
The sling bullet barely misses you.
You closely miss the orc priest. Your kick misses the orc priest.
You peck the orc priest.
The orc priest is severely wounded.
The orc priest casts a cantrip, but nothing happens.
The goblin shoots a sling bullet.
The sling bullet hits you!
* * * LOW HITPOINT WARNING * * *
It was a potion of magic.
Magic courses through your body. The hound misses you.
The orc priest invokes the aid of Beogh against you.
Pain shoots through your body!
You die...

#.......#.......
#.....####....#
#....<####....#####
#..................
#........)†..[)....
#..................
#....###.....###..
########.....###+######.
#.........@o......
#........)h.......
#.................
##...####.##?.##.# #...#
#.# .g# # #..... ...
.... #..... ...# ....
#..... ....# .... #....


You could see a hound, an orc priest and a goblin.

Vanquished Creatures
  An orc priest (D:3)
  An iguana (D:4)
  3 adders (D:2)
  3 dart slugs
  4 orcs
  8 bats
  5 endoplasms (D:1)
  5 goblins
  4 hobgoblins
  3 jackals (D:2)
  2 kobolds (D:1)
  A quokka (D:1)
  8 ball pythons
  A frilled lizard (D:2)
  3 rats
52 creatures vanquished.

Notes
Turn   | Place    | Note
-------+----------+-------------------------------------------
     0 | D:1      | Leeroy the Tengu Warper began the quest for the Orb.
     0 | D:1      | Reached XP level 1. HP: 12/12 MP: 4/4
    85 | D:1      | Reached XP level 2. HP: 8/17 MP: 6/6
    88 | D:1      | Reached skill level 3 in Long Blades
   469 | D:1      | Reached XP level 3. HP: 18/21 MP: 5/7
   652 | D:1      | Reached skill level 4 in Long Blades
   993 | D:2      | Learned a level 2 spell: Blink
   997 | D:2      | Learned a level 3 spell: Vhi's Electric Charge
  1015 | D:2      | Reached XP level 4. HP: 21/26 MP: 6/8
  1088 | D:2      | Noticed Sigmund
  1311 | D:3      | Reached skill level 5 in Long Blades
  1415 | D:3      | Found a faded altar of an unknown god.
  1443 | D:3      | Found a runed translucent door.
  1444 | D:3      | Noticed Crazy Yiuf
  1928 | D:3      | Found an ornate altar of the Wu Jian Council.
  1943 | D:3      | Gained mutation: Your magical nature lets you fly swiftly
                  | and evasively. [Tengu growth]
  1943 | D:3      | Reached XP level 5. HP: 30/30 MP: 9/9
  2249 | D:4      | Killed from afar by an orc priest

Illustrated notes

Levels and vault maps discovered:
D:1:      mushboom_english_gardens, layout_basic, serial_bayou_pond_a,
          minmay_misc_feat_rugged
D:2:      minmay_roachtagon, layout_rooms, uniq_sigmund
D:3:      layout_loops_ring, nicolae_wu_jian_immortal_techniques,
          basic_ecumenical_altar, uniq_crazy_yiuf_cottage
D:4:      layout_gridville

Skill      XL: |  1  2  3  4 |
---------------+-------------+-----
Long Blades    | 3 4 5 |  5.9
Fighting       | |  2.0
Throwing       | |  1.0
Armour         | |  1.1
Dodging        | |  2.1
Spellcasting   | |  2.0
Translocations | |  2.4

Action                   |  1- 3 |  4- 6 || total
-------------------------+-------+-------++-------
Melee: Spear             |    58 |       ||    58
       Kick              |    13 |    10 ||    23
       Peck              |     9 |     6 ||    15
       Falchion          |    39 |    40 ||    79
       Punch             |       |     1 ||     1
  Use: Potion            |       |     1 ||     1
Armor: Leather armour    |    15 |     2 ||    17
Dodge: Dodged            |    70 |    37 ||   107

Table legend: (Time is in decaauts)
 A = Elapsed time spent in this place.
 B = Non-inter-level travel time spent in this place.
 C = Inter-level travel time spent in this place.
 D = Time resting spent in this place.
 E = Time spent auto-exploring this place.
 F = Levels seen in this place.
 G = Mean time per level.
                   A        B        C        D        E       F      G
               +--------+--------+--------+--------+--------+-----+--------+
         Total |   2235 |   2125 |    110 |    101 |   1600 |   4 |  558.8 |
       Dungeon |   2235 |   2125 |    110 |    101 |   1600 |   4 |  558.8 |
               +--------+--------+--------+--------+--------+-----+--------+

Top non-repeatable levels by time:
     D:1: 925 daAuts
     D:3: 900 daAuts
     D:2: 323 daAuts
     D:4: 86 daAuts
